 Dungeon Crawl Stone Soup version 0.31.0-11-ge490571c62 (webtiles) character file.

Game seed: 9133850814168330413

3168 SnakkuSnakku7 the Cleaver (level 9, -5/65 HPs)
             Began as a Mummy Alchemist on Jan 27, 2024.
             Was a Priest of Okawaru.
             Slain by a wyvern (13 damage)
             ... on level 8 of the Dungeon.
             The game lasted 00:10:31 (6306 turns).

SnakkuSnakku7 the Cleaver (Mummy Alchemist)         Turns: 6306, Time: 00:10:32

Health: -5/65      AC: 14    Str: 15    XL:     9   Next: 63%
Magic:  11/13      EV: 14    Int: 18    God:    Okawaru [***...]
Gold:   291        SH:  0    Dex: 12    Spells: 13/13 levels left

rFire   + + .        d - +1 hand axe (elec)
rCold   + . .        (no shield)
rNeg    + + +        A - +2 leather armour {rF+}
rPois   ∞            r - +1 helmet
rElec   .            (no cloak)
rCorr   .            u - +0 pair of gloves
SInv    .            k - +0 pair of boots
Will    ++...        s - amulet of the acrobat
Stlth   +++          h - +4 ring of protection
HPRegen 0.30/turn    n - ring of the Invisible Hand {rF++ Will+ Int+3}
MPRegen 0.13/turn

%: acrobat, faith
@: heroic
A: cold resistance 1, negative energy resistance 3, torment resistance 2, heat
vulnerability 1, in touch with death 1, no potions, faith
a: Renounce Religion, Heroism


You were on level 8 of the Dungeon.
You worshipped Okawaru.
Okawaru was most pleased with you.
You visited 2 branches of the dungeon, and saw 9 of its levels.
You also visited: Sewer.

You collected 427 gold pieces.
You spent 136 gold pieces at shops.

Inventory:

Hand Weapons
 a - a +0 battleaxe of venom
 d - a +1 hand axe of electrocution (weapon)
 f - a +1 dagger of electrocution
 m - a +1 hand axe of flaming
Missiles
 i - 4 throwing nets
 j - 30 poisoned darts
Armour
 k - a +0 pair of boots (worn)
 r - a +1 helmet (worn)
 u - a +0 pair of gloves (worn)
 A - a +2 leather armour of fire resistance (worn)
Jewellery
 e - a ring of see invisible
 h - a +4 ring of protection (left hand)
 n - the ring of the Invisible Hand (right hand) {rF++ Will+ Int+3}
   (You acquired it on level 7 of the Dungeon)

   [ring of willpower]

   Int+3:     It affects your intelligence (+3).
   rF++:      It greatly protects you from fire.
   Will+:     It increases your willpower.
 s - an amulet of the acrobat (around neck)
 t - a ring of protection from cold
Wands
 q - a wand of paralysis (4)
Scrolls
 b - 2 scrolls of teleportation
 g - a scroll of amnesia
 l - a scroll of fog
 o - 2 scrolls of poison
 p - a scroll of vulnerability
 v - a scroll of revelation
 w - a scroll of fear
 x - 2 scrolls of enchant armour
 y - 2 scrolls of blinking
 z - a scroll of immolation
 B - a scroll of enchant weapon


   Skills:
 - Level 4.0(9.0) Fighting
 + Level 10.8(15.8) Axes
 - Level 1.5(6.5) Dodging
 - Level 1.5(6.5) Stealth
 - Level 2.6 Spellcasting
 - Level 0.7 Conjurations
 - Level 2.4 Alchemy


You had 13 spell levels left.
You didn't know any spells.
Your spell library contained the following spells:

 Spells                   Type           Power      Damage    Failure   Level
 Sting                    Conj/Alch      32%        1d5       11%         1
 Magic Dart               Conj           20%        1d4       16%         1
 Shock                    Conj/Air       12%        1d3       17%         1
 Mercury Vapours          Alch/Air       12%        N/A       19%         2
 Blink                    Tloc           4%         N/A       30%         2
 Mephitic Cloud           Conj/Alch/Air  6%         N/A       36%         3
 Inner Flame              Hex/Fire       2%         N/A       52%         3
 Swiftness                Air            2%         N/A       52%         3
 Olgreb's Toxic Radiance  Alch           11%        N/A       58%         4
 Sticky Flame             Fire/Alch      6%         2d4       77%         4
 Flame Wave               Conj/Fire      3%         2d5       86%         4
 Iskenderun's Mystic Bla  Conj/Tloc      3%         2d3       86%         4
 Airstrike                Air            1%         2d(1-17)  89%         4
 Dimensional Bullseye     Hex/Tloc       1%         N/A       89%         4
 Call Imp                 Summ           Unusable   N/A       N/A         2
 Tukima's Dance           Hex            Unusable   N/A       N/A         3

Dungeon Overview and Level Annotations

Branches:
Dungeon (8/15)             Temple (1/1) D:5           Sewer (visited)
   Lair: D:8-11

Altars:
Ashenzari
Cheibriados
Dithmenos
Fedhas
Hepliaklqana
Makhleb
Nemelex Xobeh
Okawaru
Qazlal
Ru
Sif Muna
Trog
Uskayaw
Vehumet
Wu Jian
Xom
Yredelemnul

Shops:
D:5 (   D:6 *


Innate Abilities, Weirdness & Mutations

You are immune to poison.
Your flesh is cold resistant. (rC+)
You are immune to negative energy. (rN+++)
You are immune to unholy pain and torment.
You are vulnerable to heat. (rF-)
You are in touch with the powers of death.
You do not drink.
You have a special connection with the divine. (Faith)


Message History

You hit the wyvern.
The wyvern is moderately wounded.
The wyvern barely misses you.
You closely miss the wyvern.
The wyvern is moderately wounded.
The wyvern closely misses you.
You barely miss the wyvern.
The wyvern is moderately wounded.
The wyvern bites you.
You hit the wyvern but do no damage.
The wyvern is moderately wounded.
The wyvern bites you.
You completely miss the wyvern.
The wyvern is moderately wounded.
The wyvern bites you! x2
You hit the wyvern.
The wyvern is heavily wounded.
The wyvern misses you.
You hit the wyvern but do no damage.
The wyvern is heavily wounded.
The wyvern closely misses you.
You hit the wyvern.
The wyvern is severely wounded.
The wyvern bites you but does no damage.
You closely miss the wyvern.
The wyvern is severely wounded.
The wyvern bites you but does no damage.
You barely miss the wyvern.
The wyvern is severely wounded.
The wyvern closely misses you. The wyvern bites you!
* * * LOW HITPOINT WARNING * * *
You hit the wyvern but do no damage.
The wyvern is severely wounded.
The wyvern closely misses you.
You hit the wyvern.
The wyvern is severely wounded.
The wyvern barely misses you.
You gain the combat prowess of a mighty hero.
The wyvern bites you!
You die...

#..................##...
###................###..
###..........##.......
#.....##....###...#..
##..........##.......
#...###....##.......
##.###.....###......
##.....#...........
#.@......#.##......
#..k.....# #......
.......#.## ####....
.....##..# # ##.......
....... .... #........
....... ..... #.....<..
....##. .............).
.... .. ..>..!........
..........


You could see a wyvern.

Vanquished Creatures
  Pikel (D:6)
  Grinder (D:4)
  Sigmund (D:4)
  An orc warrior (D:7)
  A black bear (D:5)
  2 lemures (D:6)
  2 phantoms (D:6)
  4 scorpions
  2 bullfrogs
  A brain worm (Sewer)
  A gnoll sergeant (D:6)
  A water moccasin skeleton (D:6)
  3 howler monkeys
  2 bombardier beetles
  4 bullfrog zombies (D:6)
  A jelly (D:5)
  11 hounds
  An orc priest (D:7)
  A bullfrog skeleton (D:6)
  A sleepcap (D:6)
  8 orc wizards
  6 iguanas
  3 howler monkey zombies (D:6)
  Robin (D:4)
  3 gnolls (D:6)
  4 river rats
  7 adders
  A white imp (D:6)
  10 ufetubi
  7 dart slugs
  5 ribbon worms
  28 orcs
  12 ball pythons
  19 bats
  8 endoplasms
  6 giant cockroaches
  9 hobgoblins
  6 kobolds
  7 quokkas
  2 frilled lizards
  14 goblins
  8 rats
216 creatures vanquished.

Notes
Turn   | Place    | Note
-------+----------+-------------------------------------------
     0 | D:1      | SnakkuSnakku7 the Mummy Alchemist began the quest for the
                  | Orb.
     0 | D:1      | Reached XP level 1. HP: 13/13 MP: 4/4
   134 | D:1      | Reached skill level 1 in Fighting
   299 | D:1      | Reached XP level 2. HP: 22/22 MP: 5/5
  1083 | D:2      | Reached XP level 3. HP: 25/28 MP: 7/7
  1213 | D:2      | Found a faded altar of an unknown god.
  1716 | D:3      | Reached XP level 4. HP: 37/37 MP: 8/8
  2190 | D:4      | Noticed Grinder
  2195 | D:4      | Paralysed by Grinder for 3 turns
  2235 | D:4      | Killed Grinder
  2236 | D:4      | Reached skill level 3 in Axes
  2236 | D:4      | Reached XP level 5. HP: 22/42 MP: 9/9
  2236 | D:4      | Reached XP level 6. HP: 26/48 MP: 10/10
  2331 | D:4      | Found a glowing drain.
  2372 | Sewer    | Entered a sewer
  2466 | Sewer    | Reached skill level 4 in Axes
  2940 | D:4      | Noticed Robin
  2961 | D:4      | Killed Robin
  2962 | D:4      | Reached XP level 7. HP: 34/54 MP: 11/11
  3176 | D:4      | Noticed Sigmund
  3185 | D:4      | Killed Sigmund
  3186 | D:4      | Reached skill level 5 in Axes
  3467 | D:5      | Entered Level 5 of the Dungeon
  3467 | D:5      | Found Panot's Weapon Boutique.
  3574 | D:5      | Reached skill level 6 in Axes
  3743 | D:5      | Reached XP level 8. HP: 47/60 MP: 12/12
  3796 | D:5      | Found a staircase to the Ecumenical Temple.
  3808 | Temple   | Entered the Ecumenical Temple
  3835 | Temple   | Became a worshipper of Warmaster Okawaru
  3918 | D:5      | Reached skill level 7 in Axes
  4090 | D:5      | Found a stormy altar of Qazlal.
  4090 | D:5      | Found a shadowy altar of Dithmenos.
  4294 | D:5      | Found a sparkling altar of Nemelex Xobeh.
  4431 | D:5      | Found a broken altar of Ashenzari.
  4583 | D:6      | Reached * piety under Okawaru
  4587 | D:6      | Reached skill level 8 in Axes
  4648 | D:6      | Found an ornate altar of the Wu Jian Council.
  4708 | D:6      | Found Har Voel's Fire Supplies.
  4711 | D:6      | Reached skill level 9 in Axes
  4719 | D:6      | Bought a +1 hand axe of flaming for 136 gold pieces
  4752 | D:6      | Reached ** piety under Okawaru
  4753 | D:6      | Reached XP level 9. HP: 53/65 MP: 13/13
  4756 | D:6      | Noticed Pikel
  4773 | D:6      | Killed Pikel
  4773 | D:6      | Reached *** piety under Okawaru
  4955 | D:6      | Reached skill level 10 in Axes
  5162 | D:6      | Found a basalt altar of Yredelemnul.
  5440 | D:7      | Found a blossoming altar of Fedhas.
  5479 | D:7      | Identified a scroll of acquirement
  5480 | D:7      | Acquired the ring of the Invisible Hand {rF++ Will+ Int+3}
  6306 | D:8      | Slain by a wyvern

Illustrated notes

Levels and vault maps discovered:
D:1:      mrwooster_arrival_statue_3, layout_loops_corners
D:2:      layout_basic, basic_ecumenical_altar, chequers_serial_rivers_micro_c
D:3:      layout_basic, glass_columns_a, kennysheep_generic_room_5
D:4:      layout_loops_ring, portal_sewer_entry_c, uniq_robin, uniq_grinder,
          uniq_sigmund
D:5:      layout_basic, marbit_many_paths, kennysheep_little_box,
          mainiacjoe_overflow_divided_tiny, minmay_temple_entry_tees,
          roderic_batcave, nicolae_stop_n_shop_2, minmay_quadrilaterals
D:6:      layout_basic, general_overflow_altar, overflow_temple_1_default,
          elyvilon_altar_3, serial_undead, serial_undead_c, serial_undead_d,
          serial_undead_d, serial_undead_f, nicolae_shop_fire_sale
          [nicolae_sub_dead_trees], supply_closet_lemuel,
          chequers_serial_rivers_marsh, uniq_pikel
D:7:      layout_cave_pools, fedhas_ov_isle_minmay
D:8:      layout_cave_pools, ebering_ghost_funeral_grove, minmay_holes,
          minmay_microvault
Temple:   grunt_temple_mini_profane

Skill      XL: |  1  2  3  4  5  6  7  8  9 |
---------------+----------------------------+-----
Fighting       | 1 2 3 4 |  4.0
Axes           | 3 4 6 9 10 | 10.8
Dodging        | |  1.5
Stealth        | |  1.5
Spellcasting   | |  2.6
Conjurations   | |  0.7
Alchemy        | |  2.4

Action                     |  1- 3 |  4- 6 |  7- 9 || total
---------------------------+-------+-------+-------++-------
  Melee: Unarmed           |    17 |       |       ||    17
         Spear             |     5 |       |       ||     5
         Punch             |     2 |     1 |     4 ||     7
         Dagger            |   115 |   245 |   233 ||   593
         Hand axe          |       |       |   272 ||   272
         Battleaxe         |       |       |    24 ||    24
   Cast: Sting             |     6 |       |       ||     6
 Invoke: Heroism           |       |       |     2 ||     2
    Use: Scroll            |       |     1 |    15 ||    16
   Stab: Sleeping          |     7 |     1 |     4 ||    12
         Distracted        |       |       |     2 ||     2
 Armour: Robe              |    49 |       |       ||    49
         Leather armour    |    18 |       |   408 ||   426
         Ring mail         |     5 |   224 |    21 ||   250
  Dodge: Dodged            |    73 |   222 |   406 ||   701
